 Dungeon Crawl Stone Soup version 0.31-a0-507-gbafd7f5274 (webtiles) character file.

Game seed: 7975181971875522327

347 Gelion the Changeling (level 6, 0/42 HPs)
             Began as an Octopode Shapeshifter on Aug 9, 2023.
             Slain by a gnoll
             ... wielding a +0 club
              (4 damage)
             ... on level 5 of the Dungeon.
             The game lasted 00:05:16 (2997 turns).

Gelion the Changeling (Octopode Shapeshifter)       Turns: 2997, Time: 00:05:17

Health: 0/42       AC:  1    Str: 14    XL:     6   Next: 59%
Magic:  6/6        EV: 13    Int: 10    God:
Gold:   151        SH:  0    Dex: 15    Spells: 5/5 levels left

rFire   . .          .
                       - Unarmed
rCold   . . .        (no shield)
rNeg    . . .        (helmet currently unavailable)
rPois   +            (no amulet)
rElec   .            d - ring of poison resistance
rCorr   .            (no ring)
SInv    .            (no ring)
Will    .....        (no ring)
Stlth   ++           (no ring)
HPRegen 0.27/turn    (no ring)
MPRegen 0.10/turn    (no ring)
                     (no ring)

%: no passive effects
@: beast-form
A: beast (slay +3), almost no armour, amphibious, 8 rings, camouflage 1,
gelatinous body 1, (nimble swimmer 1), tentacles
a: Begin Untransformation


You were on level 5 of the Dungeon.
You were a hulking beast.
You visited 1 branch of the dungeon, and saw 5 of its levels.

You collected 151 gold pieces.

Inventory:

Jewellery
 d - a ring of poison resistance (left tentacle)
Talismans
 b - a beast talisman (active)
 c - a flux talisman
 k - a serpent talisman
Wands
 j - a wand of iceblast (2)
Scrolls
 e - a scroll of identify
 g - a scroll of teleportation
 m - a scroll of revelation {unknown}
Potions
 a - a potion of lignification
 f - a potion of heal wounds
 h - a potion of curing
 i - a potion of mutation
 l - a potion of invisibility


   Skills:
 + Level 3.2 Fighting
 - Level 2.0 Dodging
 + Level 4.4 Unarmed Combat
 * Level 4.9 Shapeshifting


You had 5 spell levels left.
You didn't know any spells.
Your spell library contained the following spells:

 Spells                   Type           Power      Damage    Failure   Level
 Apportation              Tloc           0%         N/A       36%         1
 Necrotise                Necr           0%         1d4       36%         1
 Summon Small Mammal      Summ           0%         N/A       36%         1
 Alistair's Intoxication  Tmut/Pois      0%         N/A       100%        5
 Simulacrum               Ice/Necr       0%         N/A       100%        6
 Ozocubu's Refrigeration  Ice            0%         4d7       100%        7
 Polar Vortex             Ice            0%         N/A       100%        9


Dungeon Overview and Level Annotations

Branches:
Dungeon (5/15)
 Temple: D:4-7

Altars:
Zin


Innate Abilities, Weirdness & Mutations

You are a hulking beast.
Your limbs bulge with bestial killing power. (Slay +3)
You cannot wear most types of armour.
You are amphibious.
You can wear up to eight rings at the same time.
Your skin changes colour to match your surroundings (Stealth+).
Your rubbery body absorbs attacks. (AC +1, EV +1)
((You are camouflaged when in or above water. (Stealth+)))
You have tentacles for arms and can constrict up to eight enemies at once.


Message History

You kill the orc!
You feel less confused.
You barely miss the orc. You grab the orc. You constrict the orc.
You tentacle-slap the orc.
You kill the orc!
You closely miss the orc. You grab the orc. You constrict the orc.
The orc hits you with a +0 dagger.
You tentacle-slap the orc.
The orc is heavily wounded.
You constrict the orc, but do no damage.
The orc barely misses you.
A gnoll comes into view. It is wielding a +0 whip.
You bludgeon the orc!
You kill the orc!
You closely miss the orc. Your grab misses the orc.
Your tentacle-slap misses the orc.
The orc closely misses you.
You barely miss the orc. You grab the orc. You constrict the orc.
The orc barely misses you.
You bludgeon the orc!
You kill the orc!
A gnoll comes into view. It is wielding a +0 club.
The gnoll closely misses you.
Items here: ( ))))))) [[[[ †††††.
The gnoll shouts!
You tentacle-slap the gnoll. You grab the gnoll.
The gnoll is lightly wounded.
You constrict the gnoll.
A gnoll comes into view. It is wielding a +0 whip.
The gnoll hits you with a +0 whip.
You tentacle-slap the gnoll.
The gnoll is severely wounded.
You constrict the gnoll. The gnoll hits you with a +0 whip!
* * * LOW HITPOINT WARNING * * *
You tentacle-slap the gnoll but do no damage.
The gnoll is almost dead.
You constrict the gnoll. The gnoll hits you with a +0 whip!
* * * LOW HITPOINT WARNING * * *
You release your grip on the gnoll.
The gnoll hits you with a +0 club.
You die...

. .. . ...
.#######...
...g......
##..#..#...
#######.........
#.....)g#g..#
.......##.h..#
....... #....#
....... ###..#
....... #....#
....... #.##.#
####### #.# ...
... ### ... ..


You could see 3 gnolls.

Vanquished Creatures
  A howler monkey (D:5)
  A hound (D:4)
  Crazy Yiuf (D:3)
  An orc priest (D:4)
  An iguana (D:5)
  2 orc wizards
  4 adders
  An ufetubus (D:4)
  A worm (D:2)
  A dart slug (D:1)
  9 orcs
  6 endoplasms
  5 giant cockroaches
  5 goblins
  12 hobgoblins
  7 jackals
  7 kobolds
  6 quokkas
  7 ball pythons
  6 bats
  5 frilled lizards
  7 rats
96 creatures vanquished.

Notes
Turn   | Place    | Note
-------+----------+-------------------------------------------
     0 | D:1      | Gelion the Octopode Shapeshifter began the quest for the
                  | Orb.
     0 | D:1      | Reached XP level 1. HP: 13/13 MP: 1/1
    43 | D:1      | You fall into a shaft and drop 1 floor!
    88 | D:2      | Reached XP level 2. HP: 18/18 MP: 2/2
   511 | D:1      | Reached XP level 3. HP: 23/23 MP: 3/3
  1091 | D:2      | Reached XP level 4. HP: 25/29 MP: 4/4
  1266 | D:2      | Found a glowing silver altar of Zin.
  1300 | D:2      | Identified a scroll of acquirement
  1300 | D:2      | Acquired a ring of poison resistance
  1469 | D:3      | Found a faded altar of an unknown god.
  1520 | D:3      | Found a runed translucent door.
  1521 | D:3      | Noticed Crazy Yiuf
  1596 | D:3      | Killed Crazy Yiuf
  1776 | D:3      | Reached XP level 5. HP: 32/35 MP: 5/5
  2500 | D:4      | Reached XP level 6. HP: 36/41 MP: 6/6
  2960 | D:5      | Entered Level 5 of the Dungeon
  2997 | D:5      | Slain by a gnoll

Illustrated notes

Levels and vault maps discovered:
D:1:      grunt_arrival_crossed_arrows, layout_basic, nicolae_hexahallways,
          kennysheep_crisscross
D:2:      layout_basic, basic_altar
D:3:      layout_rooms, hellmonk_ecumenical_altar_crossroads,
          serial_bayou_pond_d, minmay_diced_spiral, uniq_crazy_yiuf_cottage
D:4:      layout_basic
D:5:      layout_basic

Skill      XL: |  1  2  3  4  5  6 |
---------------+-------------------+-----
Fighting       | 2 3 |  3.2
Shapeshifting  | 4 |  4.9
Unarmed Combat | 4 |  4.4
Dodging        | |  2.0

Action                     |  1- 3 |  4- 6 || total
---------------------------+-------+-------++-------
  Melee: Unarmed           |    73 |   105 ||   178
         Constrict         |    19 |    27 ||    46
         Tentacles         |    12 |    24 ||    36
         Punch             |     1 |     5 ||     6
    Use: Scroll            |       |     9 ||     9
   Stab: Sleeping          |     9 |     9 ||    18
 Armour: Skin              |     9 |     1 ||    10
  Dodge: Dodged            |    41 |    43 ||    84

Table legend: (Time is in decaauts)
 A = Elapsed time spent in this place.
 B = Non-inter-level travel time spent in this place.
 C = Inter-level travel time spent in this place.
 D = Time resting spent in this place.
 E = Time spent auto-exploring this place.
 F = Levels seen in this place.
 G = Mean time per level.
                   A        B        C        D        E       F      G
               +--------+--------+--------+--------+--------+-----+--------+
         Total |   2983 |   2843 |    140 |    100 |   2243 |   5 |  596.6 |
       Dungeon |   2983 |   2843 |    140 |    100 |   2243 |   5 |  596.6 |
               +--------+--------+--------+--------+--------+-----+--------+

Top non-repeatable levels by time:
     D:4: 861 daAuts
     D:1: 751 daAuts
     D:3: 678 daAuts
     D:2: 656 daAuts
     D:5: 35 daAuts
